cohdb
Replays
Latest Replays
All Replays
Popular Replays
Top Player Replays
Match Explorer
How It Works
Community
CoH3 Stats
Reddit
Sign in to upload your games and track your stats! →
Sign in with Steam
Match 43531971
Unlisted
Match 43531971
Overview
Messages
Build Orders
End
Construct Section Command Post
Vickers Machine Gun Team
Dingo Light Scout Car
Infantry Section
Infantry Section
Infantry Section
Construct Platoon Command Post
Selects Heavy Armor Battlegroup
Selects Heavy Armor Battlegroup
Selects Heavy Armor Battlegroup
CMP 15cwt Truck
6-pounder Anti-tank Gun Team
Vickers Machine Gun Team
Selects Light Vehicle Withdraw and Refit
Construct Company Command Post
Selects Radio Net
Unlock M3 Grant Medium Tanks
M3 Grant Medium Tank
Selects Recon Artillery
Recon Artillery
Selects Rigorous Vehicle Training
Recon Artillery
M3 Grant Medium Tank
M3 Grant Medium Tank
Selects Forward Repair Assembly
Recon Artillery
M3 Grant Medium Tank
Recon Artillery
M3 Grant Medium Tank
Armored Vehicle Training
Recon Artillery
Radio Net
M3 Grant Medium Tank
Fahaxiki
ALLEN
DrewP
Dillbro
0
0
Comments
sign in to comment!
No comments posted yet!